 Dungeon Crawl Stone Soup version 0.30-a0-269-gf0224bf7b6 (webtiles) character file.

Game seed: 9957079288020904554

257 tilp the Poker (level 6, -11/48 HPs)
             Began as a Merfolk Gladiator on Oct 14, 2022.
             Mangled by Duvessa
             ... wielding a +0 short sword
              (13 damage)
             ... on level 4 of the Dungeon.
             The game lasted 00:04:44 (2623 turns).

tilp the Poker (Merfolk Gladiator)                  Turns: 2623, Time: 00:04:44

Health: -11/48     AC:  4    Str: 17    XL:     6   Next: 16%
Magic:  6/6        EV: 13    Int:  7    God:
Gold:   24         SH:  0    Dex: 15    Spells: 5/5 levels left

rFire   . . .      SeeInvis .    a - +1 trident
rCold   . . .      Faith    .    (no shield)
rNeg    + . .      Spirit   .    b - +0 leather armour
rPois   .          Reflect  .    c - +0 helmet
rElec   .          Harm     .    v - scarf {shadows}
rCorr   .          Rampage  .    (no gloves)
Will    .....                    (no boots)
Stlth   +.........               (no amulet)
HPRegen 0.28/turn                o - ring of positive energy
MPRegen 0.10/turn                (no ring)

@: invisible
A: (nimble swimmer 2), mertail
a: no special abilities


You were on level 4 of the Dungeon.
You visited 1 branch of the dungeon, and saw 4 of its levels.

You collected 220 gold pieces.
You spent 196 gold pieces at shops.

Inventory:

Hand Weapons
 a - a +1 trident (weapon)
Missiles
 d - 2 throwing nets
 e - a javelin
 j - 25 stones
 p - 3 poisoned darts (quivered)
Armour
 b - a +0 leather armour (worn)
 c - a +0 helmet (worn)
 v - a scarf of shadows (worn)
Jewellery
 o - a ring of positive energy (left hand)
Wands
 x - a wand of paralysis (7)
Scrolls
 f - a scroll of torment
 h - a scroll of magic mapping
 n - a scroll of enchant weapon
 u - 2 scrolls of amnesia
Potions
 g - 3 potions of curing
 i - 2 potions of mutation
 k - 2 potions of haste {unknown}
 l - a potion of brilliance {unknown}
 m - 2 potions of resistance {unknown}
 q - a potion of heal wounds
 s - a potion of flight {unknown}
 t - a potion of might {unknown}


   Skills:
 - Level 4.0 Fighting
 * Level 7.8 Polearms
 - Level 2.0 Throwing
 - Level 4.0 Dodging


You had 5 spell levels left.
You didn't know any spells.
Your spell library was empty.

Dungeon Overview and Level Annotations

Branches:
Dungeon (4/15)
 Temple: D:4-7

Altars:
Xom

Shops:
D:2 :!(

Annotations:
D:4 Duvessa


Innate Abilities, Weirdness & Mutations

((You are very nimble when in or above water. (Stealth+, EV+, Speed+++)))
Your lower body shifts to a powerful aquatic tail in water.


Message History

Duvessa hits you with a +0 short sword!
You hit Duvessa but do no damage.
Duvessa is lightly wounded.
Duvessa closely misses you. Duvessa misses you.
You catch the helpless Duvessa completely off-guard!
You hit Duvessa.
Duvessa is moderately wounded.
Reach: a) +1 trident
Press: ? - help, Dir - move target, f - Duvessa
Aim: Duvessa, wielding a +0 short sword and wearing a +0 ring mail (moderately wounded, berserk, unable to see you, about 29% to evade your +1 trident)
You reach to attack!
You hit Duvessa but do no damage.
Duvessa is moderately wounded.
Unknown command.
Reach: a) +1 trident
Press: ? - help, Dir - move target, f/p - Duvessa
Aim: Duvessa, wielding a +0 short sword and wearing a +0 ring mail (moderately wounded, berserk, unable to see you, about 29% to evade your +1 trident)
You hit Duvessa.
Duvessa is moderately wounded.
Duvessa hits you with a +0 short sword!
* * * LOW HITPOINT WARNING * * *
Duvessa barely misses you.
You hit Duvessa but do no damage.
Duvessa is moderately wounded.
Duvessa closely misses you.
Aiming: Paralyse
Press: ? - help, Shift-Dir - straight line, f/p - Duvessa
Aim: Duvessa, wielding a +0 short sword and wearing a +0 ring mail (moderately wounded, berserk, unable to see you, chance to affect: 31%) Duvessa easily resists.
Duvessa misses you. x2
Unknown command.
Aiming: Paralyse
Press: ? - help, Shift-Dir - straight line, f/p - Duvessa
Aim: Duvessa, wielding a +0 short sword and wearing a +0 ring mail (moderately wounded, berserk, unable to see you, chance to affect: 31%) Duvessa easily resists.
Duvessa hits you with a +0 short sword!
* * * LOW HITPOINT WARNING * * *
Unknown command.
Aiming: Paralyse
Press: ? - help, Shift-Dir - straight line, f/p - Duvessa
Aim: Duvessa, wielding a +0 short sword and wearing a +0 ring mail (moderately wounded, berserk, unable to see you, chance to affect: 31%) Duvessa easily resists.
Duvessa hits you with a +0 short sword!
You die...

.. ##..## #..###.#..## ##.
#.#####....## ##.## #.#...####.#
#....##.....####.## #.####.....#
..........>..#...# ##....##....
.##...####......#######..#####)..
#..## ##...........#.## #... #..#
#..##..........# ##..
##.#####.####.e######.## #..
###...##...# #.@# #..## #..
.......e..## #..# ##..### #..
####......# ##.## ##.....###..
##.......# #..# #..###......
.#.e......# ##)# ##.## ###....
..........# #..###.## #..###
#.........# #......#..# ##.##
#............#####.##.## ##.##
#..###...### ####.###.##


You could see Duvessa (berserk, unable to see you).

Vanquished Creatures
  An ogre (D:3)
  Dowan (D:4)
  A hound (D:4)
  2 adders (D:2)
  3 worms (D:2)
  2 dart slugs (D:1)
  4 orcs
  4 ball pythons
  2 bats
  4 endoplasms
  3 giant cockroaches
  11 goblins
  7 hobgoblins
  3 jackals (D:1)
  3 quokkas
  6 kobolds
  3 rats
60 creatures vanquished.

Vanquished Creatures (others)
  5 fungi (D:3)
  2 plants (D:3)
7 creatures vanquished.

Grand Total: 67 creatures vanquished

Notes
Turn   | Place    | Note
-------+----------+-------------------------------------------
     0 | D:1      | tilp the Merfolk Gladiator began the quest for the Orb.
     0 | D:1      | Reached XP level 1. HP: 16/16 MP: 1/1
    57 | D:1      | Reached XP level 2. HP: 15/23 MP: 2/2
   430 | D:1      | Reached skill level 5 in Polearms
   468 | D:1      | Reached XP level 3. HP: 26/28 MP: 3/3
  1032 | D:2      | Found Tolo's Distillery.
  1038 | D:2      | Reached XP level 4. HP: 35/35 MP: 4/4
  1059 | D:2      | Bought a potion of degeneration for 14 gold pieces
  1109 | D:2      | Found Solou's Antique Weapon Boutique.
  1218 | D:2      | Found a shimmering altar of Xom.
  1235 | D:2      | Found Qenkakes's Book Emporium.
  1331 | D:2      | Identified the +0 leather armour of Ahokheg {rF- Str+8
                  | Slay+3}
  1468 | D:3      | Noticed an ogre
  1631 | D:3      | Found a faded altar of an unknown god.
  1682 | D:3      | Reached skill level 6 in Polearms
  1760 | D:3      | Killed an ogre
  1761 | D:3      | Reached XP level 5. HP: 42/42 MP: 5/5
  1950 | D:3      | Reached skill level 7 in Polearms
  2213 | D:2      | Bought a potion of heal wounds for 70 gold pieces
  2213 | D:2      | Bought a potion of invisibility for 112 gold pieces
  2575 | D:4      | Noticed Dowan
  2575 | D:4      | Noticed Duvessa
  2606 | D:4      | Killed Dowan
  2607 | D:4      | Reached XP level 6. HP: 28/48 MP: 6/6
  2622 | D:4      | HP: 2/48 [Duvessa/+0 short sword (16)]
  2623 | D:4      | Mangled by Duvessa

Illustrated notes

Levels and vault maps discovered:
D:1:      lemuel_arrival_funnel, layout_rooms, corexii_hall_statues_i,
          minivault_5
D:2:      layout_rooms, basic_altar, serial_shops, shop, shop,
          nicolae_shop_waterfront
D:3:      layout_basic, dreamdust_ecumenical_altar_grove
D:4:      layout_layer_cave, minmay_temple_entry_proselytizer, uniq_duvessa

Skill      XL: |  1  2  3  4  5 |
---------------+----------------+-----
Polearms       | 5 6 7 |  7.8
Fighting       | 3 4 |  4.0
Throwing       | |  2.0
Dodging        | |  4.0

Action                   |  1- 3 |  4- 6 || total
-------------------------+-------+-------++-------
Melee: Trident           |    94 |   105 ||   199
Throw: Throwing net      |       |     1 ||     1
Evoke: Wand              |       |     3 ||     3
  Use: Scroll            |     4 |     7 ||    11
       Potion            |     1 |     2 ||     3
 Stab: Invisible         |       |     2 ||     2
Armor: Leather armour    |    14 |    14 ||    28
Dodge: Dodged            |    61 |    46 ||   107

Table legend: (Time is in decaauts)
 A = Elapsed time spent in this place.
 B = Non-inter-level travel time spent in this place.
 C = Inter-level travel time spent in this place.
 D = Time resting spent in this place.
 E = Time spent auto-exploring this place.
 F = Levels seen in this place.
 G = Mean time per level.
                   A        B        C        D        E       F      G
               +--------+--------+--------+--------+--------+-----+--------+
         Total |   2623 |   2447 |    176 |    208 |   1762 |   4 |  655.8 |
       Dungeon |   2623 |   2447 |    176 |    208 |   1762 |   4 |  655.8 |
               +--------+--------+--------+--------+--------+-----+--------+

Top non-repeatable levels by time:
     D:1: 851 daAuts
     D:3: 739 daAuts
     D:2: 673 daAuts
     D:4: 358 daAuts
